AoeStats
← cmd

MegaRandom

509395836Analyzed
2v2 RM · 5d ago on Sep 26, 2026· 19m 5s· 4 players
Game mode
Random Map
Map size
Medium (4 player)
Population
200
Speed
Normal
Resources
Standard
Victory
Conquest
Starting age
Dark Age
Ending age
Imperial Age
RankedLock teamsTeams togetherTeam positionsShared explorationLock speedFull tech treeHidden civsTurbo modeCheats
Victory
Defeat
🇨🇷 Magyars · Costa Rica
976
+14
🇨🇷 Mongols · Costa Rica
923
+16
🇩🇪 Japanese · Germany
943
-16
🇩🇪 Mongols · Germany
906
-14
helo
8:41 Loom
10:56 Feudal Age
12:54 Double-Bit Axe
14:19 Horse Collar
14:47 Man-at-Arms
cmd
8:48 Loom
11:44 Feudal Age
12:38 Double-Bit Axe
B£RS£Rk£R
4:04 Loom
11:18 Feudal Age
15:09 Wheelbarrow
14:30 Gold Mining
15:54 Bloodlines
rafael9530
10:11 Loom
14:42 Feudal Age
21:38 Castle Age
Connection lost

Rejoining the realm…

Still unreachable

The connection could not be restored.

Session expired

The server has moved on; the page needs a fresh start.